 Dungeon Crawl Stone Soup version 0.30.1 (webtiles) character file.

Game seed: 1336593145790711564

41 Dogbites the Trooper (level 3, 0/33 HPs)
             Began as a Minotaur Berserker on July 10, 2023.
             Was a Believer of Trog.
             Slain by a jackal (2 damage)
             ... on level 2 of the Dungeon.
             The game lasted 00:02:17 (1487 turns).

Dogbites the Trooper (Minotaur Berserker)           Turns: 1487, Time: 00:02:18

Health: 0/33       AC:  2    Str: 23    XL:     3   Next: 32%
Magic:  2/2        EV: 12    Int:  4    God:    Trog [**....]
Gold:   55         SH:  0    Dex:  9    Spells: 2/2 levels left

rFire   . . .        a - +0 hand axe
rCold   . . .        (no shield)
rNeg    . . .        b - +0 animal skin
rPois   .            (helmet restricted)
rElec   .            (no cloak)
rCorr   .            (no gloves)
SInv    .            (no boots)
Will    .....        (no amulet)
Stlth   +            (no ring)
HPRegen 0.25/turn    (no ring)
MPRegen 0.08/turn

%: no passive effects
@: on berserk cooldown, slowed, very slow
A: horns 2, retaliatory headbutt
a: Renounce Religion, Berserk, Trog's Hand


You were on level 2 of the Dungeon.
You worshipped Trog.
Trog was pleased with you.
You visited 1 branch of the dungeon, and saw 2 of its levels.

You collected 55 gold pieces.

Inventory:

Hand Weapons
 a - a +0 hand axe (weapon)
Armour
 b - a +0 animal skin (worn)
 d - a +0 ring mail
Scrolls
 c - a scroll of amnesia {unknown}
 g - a scroll of poison {unknown}
 i - a scroll of torment {unknown}
Potions
 e - 2 potions of brilliance {unknown}
 f - a potion of haste {unknown}
 h - a potion of flight {unknown}
 j - a potion of curing {unknown}


   Skills:
 + Level 4.1 Fighting
 + Level 4.1 Axes
 + Level 3.1 Armour
 + Level 2.8 Dodging


You had 2 spell levels left.
You didn't know any spells.
Your spell library was empty.

Dungeon Overview and Level Annotations

Branches:
Dungeon (2/15)

Altars:

Annotations:
D:2 Robin


Innate Abilities, Weirdness & Mutations

You have a pair of horns on your head.
You reflexively headbutt those who attack you in melee.


Message History

* * * LOW HITPOINT WARNING * * *
The hobgoblin hits you but does no damage.
The goblin completely misses you. You furiously retaliate!
You headbutt the goblin!
You kill the goblin!
Trog accepts your kill. The hobgoblin attacks as you move away!
The hobgoblin hits you.
* * * LOW HITPOINT WARNING * * *
A sourceless malevolence fills the Dungeon... and a teleportation trap spontaneously manifests!
You are yanked towards a nearby monster!
Your surroundings suddenly seem different.
A jackal comes into view. x2
The jackal moves out of view.
Unknown command.
Unknown command.
Unknown command.
Unknown command.
A jackal is nearby!
A jackal is nearby!
A jackal is nearby! 2 jackals come into view.
Found a twisted jewelled staff.
The jackal barks!
The jackal barely misses you. x2; You furiously retaliate!
You headbutt the jackal. The jackal bites you.
* * * LOW HITPOINT WARNING * * *
The jackal bites you.
* * * LOW HITPOINT WARNING * * *
The jackal completely misses you. The jackal barely misses you.
The jackal misses you. You furiously retaliate!
You headbutt the jackal, but do no damage.
The jackal barely misses you. You furiously retaliate!
You headbutt the jackal.
You kill the jackal!
Trog accepts your kill.
You hit the jackal.
You kill the jackal!
Trog accepts your kill.
You can now call upon Trog for regeneration and willpower.
The jackal bites you.
You die...

## #########
#.#
........##.#
######@#.#
#......h##
###
...####h#.#
#.. #.##.#
###.# #.#
#.##...# #.#
|##.#.. ##
#.#..
##...###....
..#.#
#......#
###(# #.<#


You could see 2 jackals.

Vanquished Creatures
  A bat (D:1)
  3 endoplasms (D:1)
  A giant cockroach (D:1)
  9 goblins
  8 hobgoblins
  2 jackals (D:2)
  2 quokkas (D:1)
  A ball python (D:1)
  A frilled lizard (D:1)
  A kobold (D:1)
  5 rats
34 creatures vanquished.

Notes
Turn   | Place    | Note
-------+----------+-------------------------------------------
     0 | D:1      | Dogbites the Minotaur Berserker began the quest for the
                  | Orb.
     0 | D:1      | Reached XP level 1. HP: 19/19 MP: 0/0
   122 | D:1      | Reached XP level 2. HP: 4/27 MP: 1/1
  1267 | D:1      | Found a faded altar of an unknown god.
  1469 | D:2      | Noticed Robin
  1473 | D:2      | Reached XP level 3. HP: 33/33 MP: 2/2
  1484 | D:2      | HP: 1/33 [jackal (1)]
  1486 | D:2      | Reached ** piety under Trog
  1487 | D:2      | Slain by a jackal

Illustrated notes

Levels and vault maps discovered:
D:1:      dpeg_arrival_simpleton_a, layout_loops_ring,
          shapermc_ecumenical_altar_hornbeckon
D:2:      minmay_alternating_diamond, layout_loops_ring, uniq_robin,
          uniq_natasha

Skill      XL: |  1  2 |
---------------+-------+-----
Fighting       | 4 |  4.1
Axes           | 4 |  4.1
Armour         | 3 |  3.1
Dodging        | |  2.8

Action                     || total
---------------------------++-------
  Melee: Hand axe          ||    61
         Headbutt          ||     6
 Invoke: Berserk           ||     1
 Armour: Animal skin       ||    19
  Dodge: Dodged            ||    56
